 Dungeon Crawl Stone Soup version 0.29-a0-322-g68df515428 (webtiles) character file.

Game seed: 12351772370264156849

5439 bande the Cleaver (level 10, -3/61 HPs)
             Began as a Gargoyle Fighter on Apr 7, 2022.
             Was a Believer of Okawaru.
             Incinerated by a deep elf pyromancer (7 damage)
             ... with a sticky flame
             ... on level 7 of the Dungeon.
             The game lasted 00:14:05 (8531 turns).

bande the Cleaver (Gargoyle Fighter)                Turns: 8531, Time: 00:14:06

Health: -3/61      AC: 23    Str: 19    XL:     10   Next: 68%
Magic:  14/14      EV: 11    Int: 10    God:    Okawaru [**....]
Gold:   394        SH: 12    Dex: 13    Spells: 8/9 levels left

rFire   . . .      SeeInvis .   a - +1 war axe
rCold   . . .      Faith    .   c - +1 buckler
rNeg    + + .      Spirit   .   m - +0 chain mail
rPois   ∞          Reflect  +   b - +1 helmet of the Beginning {rN+ Will++}
rElec   +          Harm     .   g - +2 cloak
rCorr   .          Rampage  .   (no gloves)
Will    ++...                   (no boots)
Stlth   ..........              k - amulet of reflection
HPRegen 0.20/turn               C - +4 ring of evasion
MPRegen 0.14/turn               (no ring)

@: mighty, on fire, on berserk cooldown, slowed, glowing, studying Invocations,
very slow
A: sickness immunity, AC +7, negative energy resistance 1, electricity
resistance, torment resistance 1, petrification resistance
a: Renounce Religion, Heroism


You were on level 7 of the Dungeon.
You worshipped Okawaru.
Okawaru was pleased with you.
You visited 2 branches of the dungeon, and saw 8 of its levels.

You collected 408 gold pieces.
You spent 14 gold pieces at shops.

Inventory:

Hand Weapons
 a - a +1 war axe (weapon)
 w - a +0 flail of protection
 D - a +2 morningstar of flaming
Missiles
 u - 3 throwing nets (quivered)
Armour
 b - the +1 helmet of the Beginning (worn) {rN+ Will++}
   (You acquired it on level 2 of the Dungeon)

   rN:        It protects you from negative energy.
   Will:      It greatly increases your willpower.
 c - a +1 buckler (worn)
 g - a +2 cloak (worn)
 m - a +0 chain mail (worn)
 E - a +2 plate armour of cold resistance
 I - the +1 chain mail of the Fisher {Rampage rPois rC++ Str-5}
   (You took it off an orc on level 7 of the Dungeon)

   Str:       It affects your strength (-5).
   rC:        It greatly protects you from cold.
   rPois:     It protects you from poison.
   Rampage:   It bestows one free step when moving towards enemies.
Jewellery
 k - an amulet of reflection (around neck)
 t - an amulet of the acrobat
 C - a +4 ring of evasion (left hand)
 G - a ring of protection from fire
 H - an amulet of magic regeneration
Wands
 v - a wand of iceblast (2)
 x - a wand of flame (30)
 y - a wand of digging (4)
 B - a wand of mindburst (15)
 F - a wand of paralysis (8)
Scrolls
 p - 3 scrolls of fog
 s - 6 scrolls of magic mapping
 z - a scroll of teleportation
 J - a scroll of identify
Potions
 d - 2 potions of might
 e - a potion of heal wounds
 f - 2 potions of attraction {unknown}
 h - a potion of magic {unknown}
 i - 4 potions of brilliance {unknown}
 j - a potion of berserk rage
 l - a potion of cancellation {unknown}
 n - a potion of haste {unknown}
 o - 3 potions of invisibility {unknown}
 q - 4 potions of curing {unknown}
 r - 2 potions of flight {unknown}
 A - 2 potions of mutation {unknown}


   Skills:
 + Level 6.7 Fighting
 + Level 8.9 Axes
 + Level 6.5 Armour
 + Level 7.1 Shields
 * Level 2.9 Translocations
 * Level 6.4 Invocations
 * Level 5.1 Evocations


You had 8 spell levels left.
You knew the following spells:

 Your Spells              Type           Power      Damage    Failure   Level
a - Apportation           Tloc           10%        N/A       80%         1

Your spell library contained the following spells:

 Spells                   Type           Power      Damage    Failure   Level
 Foxfire                  Conj/Fire      0%         2x1d4     99%         1
 Corpse Rot               Necr/Air       0%         N/A       100%        2
 Poisonous Vapours        Pois/Air       0%         N/A       100%        2
 Static Discharge         Conj/Air       0%         N/A       100%        2
 Conjure Flame            Conj/Fire      0%         6-21      100%        3
 Ignite Poison            Fire/Tmut/Pois 0%         N/A       100%        3
 Inner Flame              Hex/Fire       0%         N/A       100%        3
 Mephitic Cloud           Conj/Pois/Air  0%         N/A       100%        3
 Airstrike                Air            0%         N/A       100%        4
 Dispel Undead            Necr           0%         3d6       100%        4
 Flame Wave               Conj/Fire      0%         2d4       100%        4
 Sticky Flame             Conj/Fire      0%         2d3       100%        4
 Freezing Cloud           Conj/Ice/Air   0%         6-21      100%        5
 Lightning Bolt           Conj/Air       0%         1d11      100%        5
 Orb of Destruction       Conj           0%         9d5       100%        7
 Animate Skeleton         Necr           Unusable   N/A       N/A         1
 Summon Small Mammal      Summ           Unusable   N/A       N/A         1
 Summon Guardian Golem    Hex/Summ       Unusable   N/A       N/A         3
 Summon Lightning Spire   Summ/Air       Unusable   N/A       N/A         4
 Spellforged Servitor     Conj/Summ      Unusable   N/A       N/A         7

Dungeon Overview and Level Annotations

Branches:
Dungeon (7/15)             Temple (1/1) D:7

Altars:
Ashenzari
Cheibriados
Dithmenos
Okawaru
Ru
Sif Muna
Trog
Xom
Yredelemnul

Shops:
D:4 [?(!*   D:5 **


Innate Abilities, Weirdness & Mutations

You are immune to sickness and miasma.
Your stone body is resilient. (AC +7)
You are immune to poison.
You resist negative energy. (rN+)
You are resistant to electric shocks. (rElec)
You are resistant to unholy torment.
You are immune to petrification.


Message History

Unknown command.
You see here a +0 mace.
You slice the cyclops!!
The cyclops is heavily wounded.
The cyclops hits you!
You barely miss the cyclops.
The cyclops is heavily wounded.
You slash the cyclops!
The cyclops is severely wounded.
The cyclops hits you but does no damage.
You barely miss the cyclops.
The cyclops is severely wounded.
You hit the cyclops.
The cyclops is almost dead.
The cyclops hits you!!
* * * LOW HITPOINT WARNING * * *
You slash the cyclops!
You kill the cyclops!
Okawaru accepts your kill.
Unknown command.
You barely miss the deep elf pyromancer.
The deep elf pyromancer mumbles some strange words.
The deep elf pyromancer blinks!
Things that are here:
5 large rocks; a cyclops corpse You feel a strong urge to attack something.
You are no longer berserk.
You are exhausted.
You feel yourself slow down.
You see here a +0 mace.
The deep elf pyromancer hits you but does no damage.
You closely miss the deep elf pyromancer.
The deep elf pyromancer casts a spell at you.
The sticky flame hits you but does no damage.
You are covered in liquid flames!
The deep elf pyromancer hits you but does no damage.
You slash the deep elf pyromancer!
The deep elf pyromancer is moderately wounded.
You are covered in liquid flames!
You die...

......##.........###.........##..
##....#..#######..#..#######.....
........## ... ##...##).#..##..#.
...##..#####.## ##.##..#.#..##...
...##.## .... ###.)#####..##..
..###.######.######|)#.#.###..#.#
..###.#...........#.###.#.###.#.#
..'...######)#####)#.#.###.#.##.#
..##..#.......()@e#.###.#.###.#.#
...#..######.######..###[###..#.#
...#..##.........###..#####..##.#
.###...#####.##### ##..#.#..##..#
.....#..##..e..# ##.)#).##..##
.######..###e### ###)###..###
....##..##.....## ##...#.##..##
###'#..##.#...#.## ##..#†##.##..#
......##. ##.###9###..##..#..##.#


You could see a deep elf pyromancer.

Vanquished Creatures
  A deep elf pyromancer (D:7)
  Pikel (D:6)
  An ugly thing (D:7)
  A cyclops (D:7)
  A gargoyle (D:7)
  A troll (D:5)
  A shadow (D:6)
  Eustachio (D:5)
  Menkaure (D:5)
  3 water moccasins
  3 sky beasts (D:7)
  A black bear (D:7)
  A centaur (D:7)
  2 phantoms
  A lemure (D:6)
  A kobold brigand (D:5)
  4 necrophages
  3 bullfrogs (D:7)
  3 scorpions
  A killer bee (D:7)
  3 howler monkeys
  5 jellies
  4 hounds
  Crazy Yiuf (D:2)
  3 orc priests
  7 iguanas
  Jessica (D:3)
  Natasha (thrice) (D:2)
  5 orc wizards
  The ghost of Rohain the Sneak, a weakling MyDe (D:5)
  Robin (D:2)
  9 gnolls
  11 adders
  A shadow imp (D:6)
  5 worms
  3 dart slugs
  19 orcs
  6 ball pythons
  3 bats
  8 endoplasms
  A giant cockroach (D:2)
  16 goblins
  11 hobgoblins
  2 jackals (D:1)
  2 quokkas
  4 frilled lizards
  8 kobolds
  4 rats
179 creatures vanquished.

Notes
Turn   | Place    | Note
-------+----------+-------------------------------------------
     0 | D:1      | bande the Gargoyle Fighter began the quest for the Orb.
     0 | D:1      | Reached XP level 1. HP: 14/14 MP: 1/1
   217 | D:1      | Found a faded altar of an unknown god.
   308 | D:1      | Reached XP level 2. HP: 19/19 MP: 2/2
  1088 | D:2      | Reached XP level 3. HP: 23/23 MP: 3/3
  1089 | D:2      | Reached skill level 2 in Axes
  1115 | D:2      | Identified a scroll of acquirement
  1115 | D:2      | Acquired the +1 helmet of the Beginning {rN+ Will++}
  1353 | D:2      | Found a bloodstained altar of Trog.
  1362 | D:2      | Reached XP level 4. HP: 22/29 MP: 4/4
  1774 | D:2      | Noticed Robin
  1798 | D:2      | Killed Robin
  2044 | D:2      | Found a runed translucent door.
  2044 | D:2      | Noticed Natasha
  2045 | D:2      | Noticed Crazy Yiuf
  2052 | D:2      | Killed Crazy Yiuf
  2053 | D:2      | Reached XP level 5. HP: 27/33 MP: 2/5
  2055 | D:2      | Killed Natasha
  2056 | D:2      | Reached skill level 3 in Axes
  2277 | D:2      | Noticed Natasha
  2284 | D:2      | Killed Natasha
  2412 | D:2      | Noticed Natasha
  2416 | D:2      | Killed Natasha
  2473 | D:2      | Reached XP level 6. HP: 39/39 MP: 6/6
  2657 | D:3      | Noticed Jessica
  2665 | D:3      | Killed Jessica
  2666 | D:3      | Reached skill level 4 in Axes
  2749 | D:3      | Found a shimmering blue altar of Sif Muna.
  3633 | D:4      | Found Fiucsyosutt's Distillery.
  3665 | D:4      | Found Tiqiuxt's Assorted Antiques.
  3699 | D:4      | Found Xamoixti's Antique Weapon Boutique.
  3729 | D:4      | Found Oliediwi's Antique Armour Shop.
  3803 | D:4      | Reached XP level 7. HP: 44/44 MP: 7/7
  3921 | D:4      | Found Muorie Laska's Magic Scroll Shop.
  4090 | D:5      | Entered Level 5 of the Dungeon
  4113 | D:4      | Reached skill level 1 in Evocations
  4136 | D:5      | Noticed Menkaure
  4146 | D:4      | Reached skill level 5 in Axes
  4222 | D:5      | Killed Menkaure
  4223 | D:5      | Reached skill level 5 in Shields
  4268 | D:5      | Found Vuetu's Assorted Antiques.
  4304 | D:5      | Found Vapiez's General Store.
  4318 | D:5      | Bought a potion of degeneration for 14 gold pieces
  4386 | D:5      | Noticed Eustachio
  4395 | D:5      | Reached XP level 8. HP: 36/48 MP: 8/8
  4421 | D:5      | Killed Eustachio
  4422 | D:5      | Reached skill level 5 in Fighting
  4422 | D:5      | Reached skill level 5 in Armour
  4676 | D:5      | Reached skill level 6 in Axes
  4989 | D:5      | Found a shimmering altar of Xom.
  5221 | D:5      | Found a large runed translucent door.
  5222 | D:5      | Found a large runed translucent door.
  5224 | D:5      | Noticed Rohain's ghost (weakling MyDe)
  5251 | D:5      | Noticed a troll
  5271 | D:5      | Killed a troll
  5486 | D:5      | Killed Rohain's ghost
  5487 | D:5      | Reached XP level 9. HP: 52/54 MP: 9/9
  5552 | D:6      | Reached skill level 7 in Axes
  5552 | D:6      | Reached skill level 1 in Invocations
  5753 | D:6      | Noticed Pikel
  5769 | D:6      | Killed Pikel
  6093 | D:6      | Learned a level 1 spell: Apportation
  6521 | D:7      | Found a staircase to the Ecumenical Temple.
  6529 | Temple   | Entered the Ecumenical Temple
  6545 | Temple   | Became a worshipper of Warmaster Okawaru
  6732 | D:7      | Reached skill level 1 in Translocations
  6859 | D:7      | Reached skill level 8 in Axes
  6921 | D:7      | Identified the +1 chain mail of the Fisher {Rampage rPois
                  | rC++ Str-5}
  7101 | D:7      | Reached XP level 10. HP: 57/60 MP: 13/13
  7249 | D:7      | Reached skill level 5 in Invocations
  7270 | D:7      | Reached * piety under Okawaru
  7282 | D:7      | Noticed a deep elf pyromancer
  7298 | D:7      | Killed a deep elf pyromancer
  7568 | D:7      | Identified the +0 chain mail of the Gardener {rC+ rCorr
                  | Dex+2}
  7696 | D:7      | Noticed a gargoyle
  7697 | D:7      | Noticed a deep elf pyromancer
  7700 | D:7      | Noticed a purple ugly thing
  7704 | D:7      | Noticed a deep elf pyromancer
  7710 | D:7      | Noticed a cyclops
  8255 | D:7      | Killed a purple ugly thing
  8478 | D:7      | Reached ** piety under Okawaru
  8479 | D:7      | Reached skill level 5 in Evocations
  8518 | D:7      | Killed a gargoyle
  8524 | D:7      | HP: 4/91 [cyclops (24)]
  8525 | D:7      | Killed a cyclops
  8531 | D:7      | Incinerated by a deep elf pyromancer

Illustrated notes

Levels and vault maps discovered:
D:1:      sevenhm_arrival_forest_fort_large_4, layout_rooms,
          ebering_ecumenical_altar_abandoned, serial_bayou, serial_bayou_ford_a,
          serial_bayou_shore_b, serial_bayou_pond_d, serial_bayou_lake_a
D:2:      layout_basic, basic_altar, uniq_robin, uniq_crazy_yiuf_cottage,
          uniq_natasha
D:3:      layout_rooms, kennysheep_orc_sif_temple, uniq_jessica
D:4:      layout_rooms, serial_shops, nicolae_shop_behind_doors, shop,
          nicolae_lakefront_shop, nicolae_diamond_shop, shop,
          minmay_starry_boxes
D:5:      layout_basic, nicolae_overflow_crystal_walls,
          ebering_ghost_disaster_area, serial_shops, nicolae_shop_trees, shop,
          nicolae_wormholes, uniq_menkaure, uniq_eustachio
D:6:      layout_rooms, kennysheep_generic_room_11, uniq_pikel
D:7:      minmay_the_grid_octo_2x2 [minmay_the_grid_octo_odd_swirl,
          minmay_the_grid_octo_fat_diamond, minmay_the_grid_octo_teeth,
          minmay_the_grid_octo_prize_ultimate_mussel_roller], layout_basic,
          minmay_temple_entry_overgrown, hangedman_decor_slide_cut
Temple:   compressed_dpeg_circular_temple

Skill      XL: |  1  2  3  4  5  6  7  8  9 10 |
---------------+-------------------------------+-----
Axes           | 2 3 4 5 6 8 |  8.9
Armour         | 4 5 6 |  6.5
Fighting       | 4 5 6 |  6.7
Shields        | 4 5 6 7 |  7.1
Evocations     | 1 3 4 5 |  5.1
Invocations    | 4 6 |  6.4
Translocations | 1 2 |  2.9

Action                   |  1- 3 |  4- 6 |  7- 9 | 10-12 || total
-------------------------+-------+-------+-------+-------++-------
Melee: War axe           |    83 |   163 |   357 |   130 ||   733
  Use: Scroll            |     3 |     8 |     2 |     1 ||    14
       Potion            |       |       |     1 |     4 ||     5
Armor: Scale mail        |    24 |       |       |       ||    24
       Chain mail        |    28 |   105 |   228 |    59 ||   420
Dodge: Dodged            |    35 |    59 |   100 |    41 ||   235
Block: Buckler           |    40 |    99 |   207 |    55 ||   401
       Reflection        |       |     5 |     2 |     2 ||     9

Table legend: (Time is in decaauts)
 A = Elapsed time spent in this place.
 B = Non-inter-level travel time spent in this place.
 C = Inter-level travel time spent in this place.
 D = Time resting spent in this place.
 E = Time spent auto-exploring this place.
 F = Levels seen in this place.
 G = Mean time per level.
                   A        B        C        D        E       F      G
               +--------+--------+--------+--------+--------+-----+--------+
         Total |   8750 |   8641 |    109 |   1561 |   5040 |   8 | 1093.8 |
       Dungeon |   8710 |   8601 |    109 |   1561 |   5040 |   7 | 1244.3 |
        Temple |     39 |     39 |      0 |      0 |      0 |   1 |   39.0 |
               +--------+--------+--------+--------+--------+-----+--------+

Top non-repeatable levels by time:
     D:7: 2150 daAuts
     D:2: 1552 daAuts
     D:5: 1368 daAuts
     D:1: 1004 daAuts
     D:4: 943 daAuts
     D:3: 846 daAuts
     D:6: 844 daAuts
  Temple: 39 daAuts
